 Dungeon Crawl Stone Soup version 0.30.1-5-ged363bc7ee (webtiles) character file.

Game seed: 15856277046546229150

55 ChiefBigBeans the Shield-Bearer (level 4, -34/37 HPs)
             Began as a Formicid Fighter on Sept 19, 2023.
             Annihilated by an ogre
             ... wielding a +0 giant spiked club
              (36 damage)
             ... on level 2 of the Dungeon.
             The game lasted 00:02:42 (1010 turns).

ChiefBigBeans the Shield-Bearer (Formicid Fighter)  Turns: 1010, Time: 00:02:43

Health: -34/37     AC: 11    Str: 21    XL:     4   Next: 14%
Magic:  4/4        EV:  9    Int:  7    God:
Gold:   55         SH:  5    Dex: 15    Spells: 3/3 levels left

rFire   . . .        r - +0 spear (heavy)
rCold   . . .        c - +0 buckler
rNeg    . . .        b - +0 scale mail
rPois   .            (helmet unavailable)
rElec   .            (no cloak)
rCorr   .            (no gloves)
SInv    +            (no boots)
Will    .....        n - amulet of magic regeneration Stlth
                     m - +4 ring of protection
HPRegen 0.26/turn    o - ring of wizardry
MPRegen 0.49/turn

%: wizardry (x1)
@: no status effects
A: permanent stasis, dig shafts and tunnels, antennae 3, four strong arms
a: Dig, Shaft Self


You were on level 2 of the Dungeon.
You visited 1 branch of the dungeon, and saw 2 of its levels.

You collected 143 gold pieces.
You spent 88 gold pieces at shops.

Inventory:

Hand Weapons
 a - a +0 long sword
 e - a +0 mace of draining
 h - a +0 whip of electrocution
 r - a +0 heavy spear (weapon)
Armour
 b - a +0 scale mail (worn)
 c - a +0 buckler (worn)
Jewellery
 m - a +4 ring of protection (left hand)
 n - an amulet of magic regeneration (around neck)
 o - a ring of wizardry (right hand)
Scrolls
 f - a scroll of teleportation {unknown}
 g - 3 scrolls of identify {unknown}
 p - a scroll of fear {unknown}
Potions
 d - a potion of might
 i - a potion of haste {unknown}
 j - a potion of degeneration {unknown}
 k - a potion of ambrosia {unknown}
 l - a potion of invisibility {unknown}
 q - 2 potions of mutation {unknown}
 s - a potion of curing {unknown}


   Skills:
 + Level 3.8 Fighting
 - Level 2.0 Long Blades
 - Level 1.4 Maces & Flails
 + Level 0.0 Polearms
 + Level 3.8 Armour
 + Level 4.7 Shields


You had 3 spell levels left.
You didn't know any spells.
Your spell library was empty.

Dungeon Overview and Level Annotations

Branches:
Dungeon (2/15)

Altars:

Shops:
D:2 =(


Innate Abilities, Weirdness & Mutations

You cannot be hasted, slowed, berserked, paralysed or teleported.
You can dig through walls and to a lower floor.
You have a pair of large antennae on your head. (SInv)
Your four strong arms can wield two-handed weapons with a shield.


Message History

You barely miss the ball python.
The ball python bites you but does no damage.
The ball python constricts you. The ball python completely misses you.
The ball python constricts you.
You closely miss the ball python. The ball python barely misses you.
The ball python constricts you.
The ball python bites you but does no damage.
The ball python constricts you.
You puncture the ball python!
You kill the ball python!
No target in view!
You see here a ball python corpse.
s - a lumpy purple potion You now have 55 gold pieces (gained 8).
You see here a +0 club.
You sense a monster nearby.
An ogre comes into view. It is wielding a +0 giant spiked club.
The ogre shouts!
You reach to attack!
You puncture the ogre!
The ogre is moderately wounded.
You barely miss the ogre.
The ogre is moderately wounded.
The ogre closely misses you.
The ogre hits you with a +0 giant spiked club.
You hit the ogre.
The ogre is moderately wounded.
The ogre completely misses you.
You hit the ogre but do no damage.
The ogre is moderately wounded.
The ogre hits you with a +0 giant spiked club.
You hit the ogre.
The ogre is heavily wounded.
The ogre hits you with a +0 giant spiked club!!
Ouch! That really hurt!
* * * LOW HITPOINT WARNING * * *
You puncture the ogre!
The ogre is severely wounded.
The ogre hits you with a +0 giant spiked club!!!
Ouch! That really hurt!
You die...

#<##...........# #.#
##########.
#.##...........###.# ##
..##...........)...#
####...........#####
.............## #####
.##.##.........# #...#######
#....#######.#####.........#
.## #..........#####.##
#.@######### #.#. #.O# #...
#..# #... #..# #.... #..#
#..... #..# ##.... #..#
##... #..# ##.. ##.


You could see an ogre.

Vanquished Creatures
  An adder (D:2)
  2 endoplasms (D:1)
  A giant cockroach (D:2)
  5 goblins
  9 hobgoblins
  5 kobolds
  2 quokkas (D:1)
  8 ball pythons
  2 bats (D:1)
  2 frilled lizards (D:1)
  5 rats (D:1)
42 creatures vanquished.

Notes
Turn   | Place    | Note
-------+----------+-------------------------------------------
     0 | D:1      | ChiefBigBeans the Formicid Fighter began the quest for the
                  | Orb.
     0 | D:1      | Reached XP level 1. HP: 18/18 MP: 1/1
    84 | D:1      | Reached XP level 2. HP: 24/24 MP: 2/2
   219 | D:1      | Reached skill level 1 in Maces & Flails
   225 | D:1      | Reached XP level 3. HP: 16/29 MP: 3/3
   746 | D:2      | Found Ysopo's Jewellery Emporium.
   867 | D:2      | Reached XP level 4. HP: 36/37 MP: 4/4
   929 | D:2      | Found Utiogal's Weapon Shop.
   937 | D:2      | Bought a +0 heavy spear for 88 gold pieces
  1003 | D:2      | Noticed an ogre
  1009 | D:2      | HP: 1/37 [ogre/+0 giant spiked club (25)]
  1010 | D:2      | Annihilated by an ogre

Illustrated notes

Levels and vault maps discovered:
D:1:      lightli_iron_boxes, layout_loops_ring
D:2:      layout_loops_ring, serial_shops, shop, shop, supply_closet_lemuel

Skill      XL: |  1  2 |
---------------+-------+-----
Maces & Flails | 1 |  1.4
Fighting       | |  3.8
Long Blades    | |  2.0
Armour         | |  3.8
Shields        | |  4.7

Action                     |  1- 3 |  4- 6 || total
---------------------------+-------+-------++-------
  Melee: Mace              |    23 |       ||    23
         Whip              |    79 |     3 ||    82
         Spear             |       |    12 ||    12
 Armour: Scale mail        |    46 |     3 ||    49
  Dodge: Dodged            |    49 |     8 ||    57
  Block: Buckler           |    22 |     2 ||    24
